 Dungeon Crawl Stone Soup version 0.16-a0-4060-g00983b4 (webtiles) character file.

3847 Pikaro the Bludgeoner (level 10, -3/138 HPs)
             Began as an Ogre Berserker on Feb 21, 2015.
             Was a High Priest of Trog.
             Slain by a killer bee (4 damage)
             ... on level 8 of the Dungeon.
             The game lasted 00:30:41 (11813 turns).

Pikaro the Bludgeoner (Ogre Berserker)             Turns: 11813, Time: 00:30:41

Health: -3/138     AC:  7    Str: 31      XL:     10   Next: 18%
Magic:  10/10      EV: 10    Int:  3 (6)  God:    Trog [*****.]
Gold:   419        SH:  0    Dex:  9 (10) Spells: 0 memorised, 9 levels left

rFire  . . .     SeeInvis .     C - +0 giant club
rCold  + . .     Clarity  .     D - +0 robe {MR+}
rNeg   . . .     SustAb   .     (shield restricted)
rPois  .         Gourm    .     (helmet restricted)
rElec  .         Spirit   .     (no cloak)
rCorr  .         Warding  .     (gloves unavailable)
rMut   .         Stasis   .     (boots unavailable)
MR     ++...                    (no amulet)
Stlth  ..........               w - +4 ring of protection
                                t - ring of protection from cold {rC+, !d}

@: berserking, lethally poisoned (-3 -> -6), very quick, very resistant to
hostile enchantments, extremely unstealthy
A: unfitting armour, beak, deterioration 1, tough skin 1, placid magic 1
a: Burn Spellbooks, Berserk, Trog's Hand, Brothers in Arms, Renounce Religion


You were on level 8 of the Dungeon.
You worshipped Trog.
Trog was extremely pleased with you.
You were hungry.

You visited 1 branch of the dungeon, and saw 8 of its levels.

You collected 419 gold pieces.

Inventory:

Hand weapons
 p - a +0 blowgun
   (You took it off a kobold on level 3 of the Dungeon)
 C - a +0 giant club (weapon)
   (You took it off an ogre on level 6 of the Dungeon)
Missiles
 q - 33 poisoned needles
 v - 2 needles of confusion
 A - 2 large rocks (quivered) {!d}
Armour
 D - a +0 robe of magic resistance (worn)
   (You found it on level 6 of the Dungeon)
Jewellery
 t - a ring of protection from cold (left hand) {rC+, !d}
   (You found it on level 4 of the Dungeon)
 w - a +4 ring of protection (right hand)
   (You found it on level 4 of the Dungeon)
Magical devices
 b - a wand of confusion (20)
   (You found it on level 7 of the Dungeon)
 f - a wand of paralysis (6)
   (You found it on level 7 of the Dungeon)
 y - a wand of digging (22)
   (You found it on level 5 of the Dungeon)
 B - a wand of paralysis (0)
   (You found it on level 6 of the Dungeon)
 E - a wand of draining (6)
   (You found it on level 7 of the Dungeon)
Scrolls
 d - a scroll of fog
 e - 3 scrolls of recharging
 i - a scroll of remove curse
 l - a scroll of enchant weapon
 o - a scroll of random uselessness
 r - a scroll of teleportation
 s - a scroll of magic mapping {!r}
 x - a scroll of enchant armour
Potions
 g - a potion of flight {unknown}
 m - 2 potions of restore abilities
Comestibles
 a - a beef jerky
 c - 5 meat rations
 h - a slice of pizza
 z - 4 fruits


   Skills:
 - Level 4.0 Fighting
 + Level 17.5 Maces & Flails
 - Level 1.5 Armour
 - Level 1.7 Dodging


You had 9 spell levels left.
You didn't know any spells.

Dungeon Overview and Level Annotations

Branches:
Dungeon (8/15)             Temple (0/1) D:4
   Lair: D:8-11

Altars:
Dithmenos
Kikubaaqudgha
Nemelex Xobeh
Okawaru
Xom
Zin
The Shining One


Innate Abilities, Weirdness & Mutations

You are too large for most types of armour.
You have tough skin (AC +1).
You have a beak for a mouth.
Your body is slowly deteriorating.
Your spells are a little easier to cast, but a little less powerful.


Message History

You swap places.
Something hits you!
The worker ant bites you but does no damage.
You take 7 damage, and have 42/92 hp.
You swap places.
Something hits you but does no damage. Something hits your butterfly.
Your butterfly dies!
Your surroundings suddenly seem different.
An ogre comes into view. It is wielding a giant club.
The ogre shouts! 2 killer bees come into view.
Warning x2: The killer bee (wandering) is very fast and can poison!
The killer bee is very fast and can poison!
The killer bee stings you.
You are poisoned.
The killer bee poisons you!
You take 2 damage, and have 42/92 hp.
Drink which item? (? for menu, Esc to quit)
Okay, then.
Spoiler Alert: The killer bee is very fast and can poison!
You feel sick. The killer bee stings you.
You are more poisoned.
The killer bee poisons you!
You take 3 damage, and have 39/92 hp.
You feel sick. The killer bee closely misses you.
You take 1 damage, and have 38/92 hp.
Spoiler Alert: The killer bee is very fast and can poison!
You miss the killer bee.
You feel sick. The killer bee misses you. The killer bee stings you.
You take 2 damage, and have 36/92 hp.
You miss the killer bee.
You feel sick. The killer bee barely misses you.
The killer bee stings you but does no damage.
You take 1 damage, and have 35/92 hp.
Spoiler Alert: The killer bee is very fast and can poison!
You feel sick. The killer bee stings you.
You take 2 damage, and have 33/92 hp.
You bludgeon the killer bee!!
You kill the killer bee!
You bludgeon the ogre!!
You feel sick. The ogre closely misses you.
You take 1 damage, and have 32/92 hp.
You sock the ogre!
You kill the ogre!
You feel sick. a giant club; a killer bee corpse You feel sick.
You take 1 damage, and have 31/92 hp.
You feel sick. a giant club; a killer bee corpse You take 1 damage, and have 30/92 hp.
Autopickup is now on.
You start resting.
You feel sick. x4
A killer bee comes into view.
You take 1 damage, and have 29/92 hp.
Spoiler Alert: The killer bee (wandering) is very fast and can poison!
Total turns waited: 11
There are monsters nearby!
You feel sick.
You take 1 damage, and have 28/92 hp.
Spoiler Alert: The killer bee (wandering) is very fast and can poison!
The killer bee buzzes angrily.
Spoiler Alert: The killer bee is very fast and can poison!
A killer bee comes into view.
Warning x3: The killer bee (wandering) is very fast and can poison! x2
The killer bee is very fast and can poison!
The killer bee buzzes angrily.
The killer bee closely misses you.
The killer bee barely misses you. a giant club; a killer bee corpse Warning x3: The killer bee is very fast and can poison! x3
You closely miss the killer bee. Your peck misses the killer bee.
You feel sick. The killer bee completely misses you.
You take 1 damage, and have 28/92 hp.
You barely miss the killer bee. The killer bee stings you.
* * * LOW HITPOINT WARNING * * *
The killer bee closely misses you. The killer bee stings you.
* * * LOW HITPOINT WARNING * * *
You take 5 damage, and have 23/92 hp.
Warning x3: The killer bee is very fast and can poison! x3
The killer bee stings you!
* * * LOW HITPOINT WARNING * * *
You are more poisoned.
The killer bee poisons you! The killer bee stings you.
* * * LOW HITPOINT WARNING * * *
You take 13 damage, and have 10/92 hp.
Warning x3: The killer bee is very fast and can poison! x3
A red film seems to cover your vision as you go berserk!
You feel yourself moving faster!
You feel mighty!
You are feeling hungry.
You feel sick. The killer bee stings you.
* * * LOW HITPOINT WARNING * * *
The killer bee stings you but does no damage. x2
The killer bee closely misses you.
You now have 11/138 hp.
Warning x3: The killer bee is very fast and can poison! x3
You bludgeon the killer bee!!
You kill the killer bee!
You feel sick. The killer bee closely misses you.
You take 1 damage, and have 10/138 hp.
Warning x2: The killer bee is very fast and can poison! x2
You closely miss the killer bee. The killer bee stings you!
* * * LOW HITPOINT WARNING * * *
The killer bee stings you.
You die...

**,,,,**#........).##
*,,,,,,,*
*,,,,,**#..........#
**,**,,**
**,,,,**##.........#
****,,* **,,,,*
#.........# *,,**
***,,* ##.......##
**,,* * **** ##.....##
*,,** ** ##..### **,,*
*, ##yy# *,,** ** #.@##
**,,* * **##..#* **,,**
* *,,##..#**,,,*
**,,,*#..#*,,**
*,,,,,*....,,****
**,,,,,*#.....,,,******
*,,,,,,,,.##.,,,,,**,,,
*,,,,,,,*##**,,,,,,,,,*
*,,,,,,,** *,,,,,,****


You could see 2 killer bees.

Vanquished Creatures
  Pikel (D:6)
  Grinder (D:5)
  Prince Ribbit (D:7)
  3 yaks (D:7)
  A hippogriff (D:7)
  A water moccasin (D:7)
  An ice beast (D:7)
  3 orc warriors
  2 sky beasts
  2 ogres
  2 centaurs
  A big kobold (D:8)
  Blork the orc (D:8)
  7 killer bees
  2 crimson imps
  6 orc priests
  A jelly (D:6)
  2 hounds
  A centaur skeleton (D:4)
  3 iguanas
  A giant frog skeleton (D:6)
  6 orc wizards
  2 worker ants
  Ijyb (D:2)
  3 gnolls (D:4)
  A hound skeleton (D:5)
  A worker ant zombie (D:5)
  8 adders
  A shadow imp (D:3)
  A giant mite (D:4)
  5 worms
  An adder zombie (D:7)
  4 giant geckos
  2 oozes
  28 orcs
  A bat skeleton (D:4)
  3 giant cockroaches
  11 goblins
  15 hobgoblins
  7 jackals
  23 kobolds
  6 quokkas
  4 ball pythons
  18 bats
  5 giant newts
  A quokka skeleton (D:8)
  12 rats
213 creatures vanquished.

Vanquished Creatures (others)
  A crimson imp (D:6)
  A hound (D:6)
  2 orc priests (D:6)
  A worker ant (D:6)
  An adder zombie (D:6)
  An orc (D:6)
  A bat (D:6)
  A hobgoblin (D:6)
  6 butterflies (D:8)
15 creatures vanquished.

Grand Total: 228 creatures vanquished

Notes
Turn   | Place    | Note
--------------------------------------------------------------
     0 | D:1      | Pikaro, the Ogre Berserker, began the quest for the Orb.
     0 | D:1      | Reached XP level 1. HP: 24/24 MP: 1/1
   129 | D:1      | Reached XP level 2. HP: 32/32 MP: 2/2
   301 | D:1      | Reached skill level 5 in Maces & Flails
   549 | D:1      | Acquired Trog's second power
   549 | D:1      | Reached XP level 3. HP: 37/39 MP: 3/3
  1173 | D:2      | Noticed Ijyb
  1189 | D:2      | Killed Ijyb
  1189 | D:2      | Reached skill level 6 in Maces & Flails
  1282 | D:2      | HP: 7/39 [worm (10)]
  1285 | D:2      | HP: 1/39 [giant gecko (3)]
  1287 | D:2      | Reached XP level 4. HP: 1/48 MP: 4/4
  2870 | D:3      | Reached skill level 7 in Maces & Flails
  3028 | D:3      | Reached XP level 5. HP: 47/54 MP: 5/5
  3165 | D:3      | Found an iron altar of Okawaru.
  3317 | D:3      | Found a sparkling altar of Nemelex Xobeh.
  3468 | D:4      | Found a staircase to the Ecumenical Temple.
  3724 | D:4      | Reached skill level 8 in Maces & Flails
  4317 | D:4      | Reached XP level 6. HP: 56/62 MP: 6/6
  4587 | D:4      | Acquired Trog's third power
  4755 | D:4      | Found a shadowy altar of Dithmenos.
  4964 | D:4      | HP: 15/62 [something/puff of flame (11)]
  4968 | D:4      | Reached skill level 9 in Maces & Flails
  5252 | D:4      | Found a glowing silver altar of Zin.
  5438 | D:4      | Reached skill level 10 in Maces & Flails
  5438 | D:4      | Reached XP level 7. HP: 57/70 MP: 7/7
  5657 | D:5      | Entered Level 5 of the Dungeon
  5776 | D:5      | Noticed Grinder
  6074 | D:5      | Killed Grinder
  6074 | D:5      | Reached skill level 11 in Maces & Flails
  6272 | D:5      | Reached XP level 8. HP: 78/78 MP: 8/8
  6476 | D:5      | Reached skill level 12 in Maces & Flails
  6591 | D:5      | Found an ancient bone altar of Kikubaaqudgha.
  6762 | D:5      | Received a gift from Trog
  6877 | D:5      | Got a fine cloak
  6889 | D:5      | Identified the cursed -2 cloak of the Heavens {MR+ rCorr} (You found it on level 5 of the Dungeon)
  7122 | D:6      | Gained mutation: You have a beak for a mouth. [mutagenic meat]
  7123 | D:6      | Gained mutation: Your body is slowly deteriorating. [mutagenic meat]
  7124 | D:6      | Gained mutation: Your spells are a little easier to cast, but a little less powerful. [mutagenic meat]
  7167 | D:6      | Found a shimmering altar of Xom.
  7199 | D:6      | Reached skill level 13 in Maces & Flails
  7302 | D:6      | Noticed Pikel
  7309 | D:6      | Killed Pikel
  7309 | D:6      | Reached skill level 14 in Maces & Flails
  7309 | D:6      | Reached XP level 9. HP: 81/84 MP: 9/9
  7398 | D:6      | Found a glowing golden altar of the Shining One.
  7987 | D:7      | Reached skill level 15 in Maces & Flails
  8136 | D:7      | HP: 21/84 [poisoned by a killer bee]
  8143 | D:7      | HP: 20/84 [poisoned by a killer bee]
  8150 | D:7      | HP: 17/84 [poisoned by a killer bee]
  8158 | D:7      | HP: 16/84 [poisoned by a killer bee]
  9055 | D:7      | Noticed Prince Ribbit
  9364 | D:7      | Found a sparkling altar of Nemelex Xobeh.
  9445 | D:7      | HP: 15/84 [Prince Ribbit (11)]
  9448 | D:7      | HP: 6/84 [Prince Ribbit (9)]
  9980 | D:7      | Killed Prince Ribbit
  9980 | D:7      | Reached skill level 16 in Maces & Flails
 10695 | D:7      | HP: 21/84 [poisoned by a water moccasin]
 10702 | D:7      | HP: 20/84 [poisoned by a water moccasin]
 10709 | D:7      | HP: 20/84 [poisoned by a water moccasin]
 10717 | D:7      | HP: 20/84 [poisoned by a water moccasin]
 11010 | D:7      | Reached XP level 10. HP: 86/92 MP: 10/10
 11098 | D:7      | Reached skill level 17 in Maces & Flails
 11507 | D:8      | Noticed Blork the orc
 11513 | D:8      | Killed Blork the orc
 11809 | D:8      | HP: 23/92 [killer bee (4)]
 11810 | D:8      | HP: 10/92 [killer bee (4)]
 11813 | D:8      | HP: 1/138 [killer bee (10)]
 11813 | D:8      | Slain by a killer bee

Action                   |  1- 3 |  4- 6 |  7- 9 | 10-12 || total
-------------------------+-------+-------+-------+-------++-------
Melee: Mace              |   118 |   297 |   139 |       ||   554
       Flail             |       |       |    25 |       ||    25
       Giant club        |       |       |   156 |    44 ||   200
Invok: Burn Spellbooks   |       |       |       |     1 ||     1
       Berserk           |       |       |       |     1 ||     1
Evoke: Wand              |       |       |     7 |       ||     7
  Use: Scroll            |     2 |     2 |     9 |     3 ||    16
       Potion            |       |     2 |     2 |       ||     4
 Stab: Sleeping          |       |       |     1 |       ||     1
  Eat: Chunk             |     1 |    13 |    13 |     2 ||    29
       Bread ration      |       |       |     2 |       ||     2

Vault maps used:
D:1:      grunt_arrival_crossed_arrows
D:2:      lemuel_upstairs_altar, serial_curves, eino_curves_04, eino_curves_03,
          eino_curves_04, eino_curves_02, uniq_iyjb
D:3:      nicolae_overflow_crystal_walls, okawaru_gym_becter
D:4:      lemuel_round_altar, overflow_temple_1_default,
          minmay_temple_entry_glass, kennysheep_generic_room_11
D:5:      first_bread, basic_altar, st_stairs_9, uniq_grinder
D:6:      lemuel_doored_altar, lemuel_crystal_altar, uniq_pikel
D:7:      nemelex_spade_bored_becter, uniq_prince_ribbit1
D:8:      uniq_blork_the_orc, uniq_maurice

Table legend:
 A = Turns spent in this place as a percentage of turns spent in the entire game.
 B = Non-inter-level travel turns spent in this place as a percentage of non-inter-level travel turns spent in the entire game.
 C = Inter-level travel turns spent in this place as a percentage of turns spent in this place.
 D = Turns resting spent in this place as a percentage of non-inter-level travel turns spent in this place.
 E = Turns spent auto-exploring this place as a percentage of non-inter-level travel turns spent in this place.
 F = Non-inter-level travel turns spent in this place divided by the number of levels of this place that you've seen.
                   A       B       C       D       E      F
               +-------+-------+-------+-------+-------+----------------------
         Total | 100.0 | 100.0 |   0.5 |   8.8 |   7.3 | 300.2
       Dungeon | 100.0 | 100.0 |   0.5 |   8.8 |   7.3 | 300.2
               +-------+-------+-------+-------+-------+----------------------

Table legend:
 A = Kills in this place as a percentage of kills in entire the game.
 B = Kills by you in this place as a percentage of kills by you in the entire game.
 C = Kills by friends in this place as a percentage of kills by friends in the entire game.
 D = Other kills in this place as a percentage of other kills in the entire game.
 E = Experience gained in this place as a percentage of experience gained in the entire game.
 F = Experience gained in this place divided by the number of levels of this place that you have seen.
                   A       B       C       D       E      F
               +-------+-------+-------+-------+-------+----------------------
         Total | 100.0 | 100.0 |  -nan |  -nan | 100.0 | 687.0
       Dungeon | 100.0 | 100.0 |  -nan |  -nan | 100.0 | 687.0
               +-------+-------+-------+-------+-------+----------------------
